 Dungeon Crawl Stone Soup version 0.20.1-1-g8b1a95d (webtiles) character file.

367458 Iskender the Phalangite (level 22, -1/142 HPs)
             Began as a Gargoyle Chaos Knight on July 11, 2017.
             Hit by a large rock thrown by a stone giant (8 damage)
             ... on level 2 of the Depths on July 13, 2017.
             The game lasted 07:07:41 (43116 turns).

Iskender the Phalangite (Gargoyle Chaos Knight)    Turns: 43116, Time: 07:07:45

Health: -1/142     AC: 39    Str: 22    XL:     22   Next: 58%
Magic:  0/32       EV: 17    Int: 20    God:    Xom [......]
Gold:   2362       SH:  0    Dex: 13    Spells: 11/35 levels left

rFire    + . .     SeeInvis .   x - +2 battleaxe (chop)
rCold    + + .     Gourm    .   (shield currently unavailable)
rNeg     + . .     Faith    .   p - +2 scale mail {rC+}
rPois    ∞         Spirit   +   (helmet restricted)
rElec    +         Reflect  .   P - +1 cloak {rC+}
rCorr    .         Harm     .   r - +0 pair of gloves of Plasticity {*Drain Int+5}
MR       +....                  d - +2 pair of boots
Stlth    +++.......             H - amulet of guardian spirit
Regen    0.4/turn               t - +4 ring of evasion
MPRegen  0.3/turn               s - ring of stealth

@: flying, very slightly contaminated
A: big wings, horns 1, molten scales 1, blink, clever 1, fire resistance 1,
negative energy resistance 1, screaming 1, electricity resistance, unbreathing,
evolution 2, petrification resistance, rot immunity, AC +16
}: 2/15 runes: serpentine, barnacled
a: Stop Flying, Blink, Renounce Religion


You were on level 2 of the Depths.
You worshipped Xom.
You were a very special plaything of Xom.
You were not hungry.

You visited 8 branches of the dungeon, and saw 37 of its levels.
You visited the Abyss 1 time.
You also visited: Ossuary and Ice Cave.

You collected 4258 gold pieces.
You spent 1896 gold pieces at shops.

Inventory:

Hand Weapons
 a - the +6 bardiche of Frustration {freeze, MR+ Int+2}
   (You found it on level 4 of the Lair of Beasts)

   It has been specially enchanted to freeze those struck by it, causing extra
   injury to most foes and up to half again as much damage against particularly
   susceptible opponents.
   It can also slow down cold-blooded creatures.
   It affects your intelligence (+2).
   It affects your resistance to hostile enchantments.
 b - the +6 halberd of the Six Continents {chop, rPois rF- Int+5}
   (You found it on level 6 of the Lair of Beasts)

   It inflicts extra damage upon your enemies.
   It affects your intelligence (+5).
   It makes you vulnerable to fire.
   It protects you from poison.
 v - a +0 blowgun
 x - a +2 battleaxe of chopping (weapon)
 A - the +5 trident of Teqagud {chaos, rPois rF+ rC+ Dex-2}
   (Xom gifted it to you on level 3 of the Lair of Beasts)

   Each time it hits an enemy it has a different, random effect.
   It affects your dexterity (-2).
   It protects you from fire.
   It protects you from cold.
   It protects you from poison.
 I - the +9 halberd of Conservatism {pain, rElec Dex+3 SInv}
   (You took it off a tengu warrior on level 2 of the Depths)

   In the hands of one skilled in necromantic magic, it inflicts extra damage on
   living creatures.
   It affects your dexterity (+3).
   It insulates you from electricity.
   It lets you see invisible.
Missiles
 E - 25 curare-tipped needles
 Q - 6 tomahawks of dispersal (quivered) {!f}
Armour
 d - a +2 pair of boots (worn)
 p - a +2 scale mail of cold resistance (worn)
 r - the +0 pair of gloves of Plasticity (worn) {*Drain Int+5}
   (You took it off Nikola on level 2 of the Shoals)

   It affects your intelligence (+5).
   It causes draining when unequipped.
 y - +0 fire dragon scales
 P - a +1 cloak of cold resistance (worn)
Jewellery
 f - an uncursed ring of protection from fire
 i - an uncursed ring of protection from cold
 s - a ring of stealth (right hand)
 t - a +4 ring of evasion (left hand)
 w - an uncursed ring of wizardry
 H - an amulet of guardian spirit (around neck)
 J - an uncursed ring of resist corrosion
Wands
 k - a wand of confusion (6/48)
 o - a wand of clouds (3/9)
 q - a wand of iceblast (7/15)
 z - a wand of lightning (7/15)
 G - a wand of lightning (9/15)
 L - a wand of lightning (4/15)
 O - a wand of scattershot (3/9)
 R - a wand of digging (9/24)
 U - a wand of confusion (29/48)
 Z - a wand of paralysis (18/24)
Scrolls
 e - 20 scrolls of remove curse
 l - a scroll of silence
 m - a scroll of holy word
 D - 2 scrolls of magic mapping
 M - a scroll of teleportation
 T - 11 scrolls of identify
 X - 7 scrolls of recharging
Potions
 g - a potion of magic
 h - 2 potions of curing
 j - 2 potions of agility
 n - 2 potions of heal wounds
 B - 3 potions of haste
 C - 4 potions of might
Miscellaneous
 F - a phial of floods (inert)
 V - a lightning rod (4/4)
 W - a phantom mirror
Comestibles
 c - 8 bread rations
 K - 2 chunks of flesh


   Skills:
 - Level 16.2 Fighting
   Level 2.7 Long Blades
 + Level 24.2 Polearms
 - Level 17.0 Armour
 - Level 5.6 Dodging
 - Level 6.8 Stealth
 - Level 7.1 Spellcasting
 - Level 5.2 Conjurations
 - Level 3.2 Hexes
 - Level 7.0 Charms
 - Level 3.7 Necromancy
 - Level 2.5 Translocations
 - Level 2.1 Fire Magic
 - Level 5.0 Evocations


You had 11 spell levels left.
You knew the following spells:

 Your Spells              Type           Power        Failure   Level  Hunger
a - Confuse               Hex            ###.....     14%         3    #......
c - Regeneration          Chrm/Necr      ####......   5%          3    #......
d - Conjure Flame         Conj/Fire      ###.....     12%         3    #......
g - Shroud of Golubria    Chrm/Tloc      ####......   3%          2    None
n - Animate Skeleton      Necr           N/A          3%          1    None
v - Blink                 Tloc           N/A          9%          2    None
A - Apportation           Tloc           ###...       6%          1    None
M - Summon Small Mammal   Summ           #...         17%         1    None
U - Infusion              Chrm           ####         1%          1    None
W - Passwall              Tmut/Erth      #.........   26%         2    None
X - Song of Slaying       Chrm           #####...     1%          2    None
Z - Spectral Weapon       Hex/Chrm       ####....     6%          3    #......


Dungeon Overview and Level Annotations

Branches:
Dungeon (15/15)            Temple (1/1) D:6            Lair (6/6) D:11
 Shoals (4/4) Lair:3        Snake (4/4) Lair:2        Slime (0/5) Lair:6
    Orc (2/2) D:10            Elf (0/3) Orc:2        Vaults (3/5) D:14
  Crypt (0/3) Vaults:3     Depths (2/5) D:15

Altars:
Ashenzari
Cheibriados
Dithmenos
Elyvilon
Fedhas
Gozag
Hepliaklqana
Kikubaaqudgha
Makhleb
Nemelex Xobeh
Okawaru
Qazlal
Ru
Sif Muna
Trog
Uskayaw
Vehumet
Xom
Yredelemnul
Zin
The Shining One
Beogh
Jiyva

Shops:
D:5 *   D:6 %=   Orc:2 [*(:   Snake:1 :(   Depths:1 *%[

Portals:
Hell: Depths:1
Abyss: Depths:2
Pandemonium: Depths:1
Trove: Depths:1 (give 8 potions of haste)

Annotations:
Lair:2 exclusion: oklob plant


Innate Abilities, Weirdness & Mutations

You are resistant to torment.
Your stone body is resilient. (AC +16)
You are immune to poison.
Your large and strong wings let you fly indefinitely.
You resist negative energy. (rN+)
You are resistant to electric shocks. (rElec)
You can survive without breathing.
You are immune to petrification.
You are immune to rotting.
You have a pair of small horns on your head.
You are partially covered in molten scales. (AC +2)
You can translocate small distances at will.
Your mind is acute. (Int +2)
Your flesh is heat resistant. (rF+)
You occasionally shout uncontrollably at your foes.
You rapidly evolve.


Message History

The death yak gores you!!
* * * LOW HITPOINT WARNING * * *
The spriggan berserker hits you with a broad axe.
* * * LOW HITPOINT WARNING * * *
The death yak rages.
The spriggan berserker hits you with a broad axe!
* * * LOW HITPOINT WARNING * * *
The death yak is engulfed in seething chaos.
The death yak gores you!!
You die... "Hey, that's my plaything!"
Xom revives you!
Blink to where?
Press: ? - help, Dir - move target cursor, p - spriggan berserker You are very lightly contaminated with residual magic.
As you read the scroll of blinking, it crumbles to dust.
The stone giant shouts!
The stone giant throws a large rock.
The large rock hits you!
You die...
Xom roars with laughter!

.....:............≈.............
......).....##....≈§§.≈...#.....
..>...h§.((.#.....§.§≈§...#...(.
........h.i(.......C§§§.###...).
.........iY.......[...§..C###...
.........Y.)([...[(......# #.#.
.(.............(........## ####
......##......(()....#### #..
...... #.....##@.....# #....
#.#......#...####.(.## ##..#
#.....##...# ..### #### .##
#.... #..# ..... ...# .#...
....# ..


You could see a stone giant, 2 death yaks, 2 spriggan berserkers and a polar
bear (berserk).

Vanquished Creatures
  Vashnia (Snake:2)
  Nikola (Shoals:2)
  Jorgrun (Vaults:2)
  A titan (Depths:2)
  Asterion (Snake:2)
  A titan (shapeshifter) (Depths:2)
  The ghost of Timson the Bludgeoner, an adept MiBe of Trog (Shoals:3)
  A kraken (Shoals:4)
  The ghost of Begomoth the Geomancer, an adept GrEE of Vehumet (Shoals:3)
  Frances (Snake:2)
  Donald (Vaults:1)
  Kirke (Shoals:2)
  2 storm dragons (Vaults:2)
  2 deep elf sorcerers (Vaults:3)
  Ilsuiw (Shoals:4)
  10 nagarajas (Snake:4)
  3 frost giants
  An iron dragon (Vaults:3)
  5 fire giants
  7 vault wardens
  Aizul (Snake:3)
  A juggernaut zombie (Depths:2)
  The ghost of loom the Basher, a journeyman NaVM of Cheibriados (Lair:6)
  17 ironheart preservers
  15 stone giants
  6 very ugly things
  Nessos (Lair:4)
  2 entropy weavers
  A vampire knight (Vaults:3)
  5 deep elf demonologists
  An eidolon (Vaults:3)
  6 ettins
  2 deep elf death magi
  5 merfolk javelineers (Shoals:4)
  4 great orbs of eyes
  5 fire dragons
  Josephine (D:10)
  9 merfolk impalers
  13 hydras
  4 yaktaur captains
  20 naga warriors
  2 vault guards
  2 rakshasas (Depths:1)
  4 ice dragons
  The ghost of tschems the Cleaver, a journeyman HuFi of Okawaru (D:8)
  11 centaur warriors
  2 alligator snapping turtles
  3 death knights
  8 anacondas
  4 merfolk aquamancers
  3 dancing weapons
  A spark wasp (D:15)
  5 merfolk avatars
  16 two-headed ogres
  A satyr (Vaults:2)
  5 deep troll earth magi
  4 death yaks (Lair:3)
  8 ogre magi
  4 tengu warriors
  6 deep troll shamans
  4 vampire magi
  22 naga sharpshooters
  A shock serpent (Snake:2)
  An orc high priest (Orc:2)
  A thrashing horror (Abyss:2)
  A spriggan berserker (Depths:2)
  8 deep elf knights
  Sonja (Orc:2)
  A fire crab (shapeshifter) (Vaults:2)
  13 sea snakes
  A skeletal warrior (Vaults:1)
  A salamander mystic (Snake:4)
  5 iron trolls (Depths:1)
  An unseen horror (shapeshifter) (Vaults:2)
  14 deep trolls
  6 naga ritualists
  3 unseen horrors (Depths:2)
  A glowing orange brain (Vaults:2)
  12 orc knights
  A lindwurm (shapeshifter) (Depths:1)
  3 wizards
  A sphinx zombie (Depths:2)
  8 harpies
  A kraken simulacrum (Shoals:4)
  A shadow dragon zombie (Depths:1)
  7 ironbrand convokers
  5 deep elf archers
  A phantasmal warrior (Vaults:2)
  4 orc sorcerers
  2 harpies (shapeshifter)
  4 necromancers
  12 mana vipers
  46 ugly things
  14 cyclopes
  5 wolf spiders
  8 fauns
  3 deep elf magi
  5 salamanders
  12 manticores
  10 merfolk sirens
  A spriggan zombie (Depths:2)
  A guardian serpent (shapeshifter) (Vaults:2)
  An ice statue (IceCv)
  A fire giant skeleton (Depths:1)
  A rust devil (Depths:1)
  8 vault sentinels
  7 guardian serpents (Snake:4)
  36 black mambas
  A black mamba (shapeshifter) (Vaults:2)
  The ghost of raetorn the Cleaver, a novice MiGl (D:5)
  17 naga magi
  A gargoyle (D:13)
  A water nymph (shapeshifter) (Vaults:2)
  5 centaur skeletons
  25 spiny frogs
  8 water nymphs
  9 komodo dragons
  A yaktaur zombie (Depths:1)
  6 rime drakes
  16 freezing wraiths
  A yaktaur (shapeshifter) (Vaults:1)
  56 yaktaurs
  4 trolls
  30 merfolk
  4 wind drakes
  A troll (shapeshifter) (Lair:6)
  3 tyrant leeches (Lair:6)
  6 hornets
  Prince Ribbit (D:7)
  17 blink frogs
  A wolf spider simulacrum (IceCv)
  A deep troll zombie (Depths:1)
  28 slime creatures
  12 hippogriffs
  12 dream sheep
  A hippogriff (shapeshifter) (Depths:1)
  10 snapping turtles
  9 large abominations
  A frost giant simulacrum (Vaults:2)
  9 redbacks
  9 spriggans
  2 tarantellas (Vaults:3)
  A spriggan (shapeshifter) (Vaults:3)
  A shadow (D:15)
  6 water elementals
  A wyvern (D:8)
  A vampire (D:12)
  A tarantella (shapeshifter) (Depths:1)
  A fire bat (Lair:2)
  7 wraiths
  A fire bat (shapeshifter) (D:15)
  A human (shapeshifter) (Vaults:2)
  2 basilisks
  A basilisk (shapeshifter) (Lair:4)
  2 chaos spawn
  25 yaks
  4 hungry ghosts
  5 hogs
  Grum (Lair:1)
  A death yak simulacrum (IceCv)
  A steam dragon (Lair:3)
  16 vampire mosquitoes
  4 acid dragons
  79 nagas
  A soldier ant (D:15)
  6 wargs
  Edmund (D:6)
  13 water moccasins
  6 porcupines
  A tengu skeleton (Depths:1)
  39 orc warriors
  A human skeleton (Depths:1)
  2 black bears
  10 ice beasts
  4 sky beasts
  A necrophage (D:5)
  5 phantoms
  A deep troll simulacrum (Depths:1)
  A wolf (shapeshifter) (Vaults:2)
  22 ogres
  4 wolves (Lair:1)
  13 crocodiles
  8 centaurs
  A crocodile (shapeshifter) (Depths:2)
  5 big kobolds
  30 bullfrogs
  3 elf zombies
  4 small abominations
  A gnoll sergeant (D:8)
  A glowing shapeshifter simulacrum (Vaults:3)
  A wyvern zombie (D:11)
  A wyvern skeleton (D:12)
  17 killer bees
  2 scorpions
  A swamp dragon simulacrum (IceCv)
  12 electric eels
  4 howler monkeys
  7 crimson imps
  2 draconian simulacra (IceCv)
  A human zombie (Ossuary)
  3 jellies
  2 quasits
  3 centaur zombies
  4 hounds
  A human simulacrum (Vaults:2)
  18 orc priests
  3 bullfrog skeletons
  21 orc wizards
  Ijyb (D:5)
  10 iguanas
  A troll simulacrum (IceCv)
  A spriggan simulacrum (IceCv)
  7 worker ants
  A wolf simulacrum (IceCv)
  A big kobold zombie (Ossuary)
  4 centaur simulacra (IceCv)
  A hound zombie (D:7)
  2 mummies (Ossuary)
  Robin (D:2)
  8 adders
  4 gnolls
  A howler monkey skeleton (D:5)
  4 naga simulacra (IceCv)
  5 ogre simulacra (IceCv)
  3 shadow imps
  13 white imps
  3 adder zombies
  5 worms
  2 dart slugs (D:1)
  6 leopard geckos
  117 orcs
  A ball python (D:2)
  11 bats
  8 giant cockroaches
  19 goblins
  10 hobgoblins
  14 jackals
  41 kobolds
  3 quokkas
  5 frilled lizards
  A goblin skeleton (D:4)
  3 goblin zombies
  10 hobgoblin zombies
  2 jackal zombies
  2 kobold skeletons (D:4)
  9 kobold zombies
  A leopard gecko skeleton (D:8)
  12 orc zombies
  A quokka skeleton (D:4)
  5 rats
  A fire vortex (Vaults:3)
  A fungus (Orc:2)
  2 plants
  4 spectral weapons
  A tentacle (Shoals:4)
1685 creatures vanquished.

Vanquished Creatures (collateral kills)
  A vampire knight (Depths:2)
  A caustic shrike skeleton (Depths:2)
  2 ettins
  A merfolk impaler (Shoals:4)
  A two-headed ogre (D:13)
  A tengu warrior (Depths:2)
  A deep troll earth mage (Depths:1)
  Urug (D:11)
  A deep troll (Depths:2)
  Psyche (D:11)
  A komodo dragon (D:11)
  A tengu conjurer (Depths:2)
  3 yaktaurs (Vaults:2)
  4 merfolk
  A tyrant leech (Lair:6)
  A dream sheep (Shoals:4)
  A yak (Lair:6)
  A naga (Snake:3)
  An orc warrior (Vaults:2)
  A necrophage (D:6)
  A centaur (D:9)
  A bullfrog (Lair:6)
  A howler monkey (D:11)
  2 orc priests
  A troll simulacrum (IceCv)
  A centaur simulacrum (IceCv)
  3 orcs (D:13)
  A goblin zombie (Ossuary)
  A jackal zombie (Ossuary)
  A kobold zombie (Ossuary)
  A spectral weapon (Shoals:4)
40 creatures vanquished.

Vanquished Creatures (others)
  A merfolk aquamancer (Shoals:4)
  A cyclops (D:12)
  A merfolk siren (Shoals:3)
  A naga (Snake:3)
  An ogre (D:12)
  A howler monkey (shapeshifter) (Depths:2)
  A troll simulacrum (IceCv)
  2 adders
  A bush (Lair:6)
  A fire vortex (Vaults:3)
  17 fungi
  54 plants
  83 spectral weapons
  20 tentacles
185 creatures vanquished.

Grand Total: 1910 creatures vanquished

Notes
Turn   | Place    | Note
-------+----------+-------------------------------------------
     0 | D:1      | Iskender the Gargoyle Chaos Knight began the quest for the Orb.
     0 | D:1      | Reached XP level 1. HP: 14/14 MP: 1/1
    43 | D:1      | Reached skill level 1 in Stealth
   137 | D:1      | Reached XP level 2. HP: 19/19 MP: 2/2
   313 | D:1      | XOM: divination: detect items
   525 | D:1      | Reached XP level 3. HP: 23/23 MP: 3/3
   680 | D:1      | XOM: god gift: 53 gold pieces
   772 | D:1      | XOM: butterfly on damage
   817 | D:1      | XOM: summons 1 hostile demon
  1089 | D:1      | XOM is BORED!
  1089 | D:1      | XOM: summons 1 hostile demon
  1163 | D:1      | XOM: cloud trail
  1224 | D:2      | Reached XP level 4. HP: 28/28 MP: 4/4
  1522 | D:2      | Reached skill level 3 in Polearms
  1526 | D:2      | XOM: divination: detect items
  1720 | D:2      | Noticed Robin
  1728 | D:2      | XOM: chaos upgrade
  1825 | D:2      | Killed Robin
  1879 | D:2      | XOM: summons 2 hostile demons
  1880 | D:2      | Noticed a chaos spawn
  1890 | D:2      | XOM: mild Conj miscast
  2174 | D:2      | Reached XP level 5. HP: 32/32 MP: 5/5
  2191 | D:2      | XOM: confusion
  2630 | D:3      | Reached skill level 4 in Polearms
  2672 | D:3      | Found a faded altar of an unknown god.
  2909 | D:3      | Noticed an orc warrior
  3035 | D:4      | Found a glowing golden altar of the Shining One.
  3301 | D:4      | Noticed Grinder
  3307 | D:4      | Noticed Grinder
  3307 | D:4      | Grinder changed into Grinder the chaos spawn
  3307 | D:4      | XOM: polymorph Grinder -> Grinder the chaos spawn
  3309 | D:4      | XOM: cast spell 'Call Canine Familiar'
  3319 | D:4      | Killed Grinder the chaos spawn
  3319 | D:4      | Reached skill level 5 in Polearms
  3319 | D:4      | Reached XP level 6. HP: 37/37 MP: 6/6
  3458 | D:4      | XOM: stat loss: -1 Str (17/18)
  3461 | D:4      | XOM: chaos cloud
  3942 | D:4      | XOM: medium Hex miscast
  4003 | D:5      | Entered Level 5 of the Dungeon
  4008 | D:5      | Found Syhaef's Elemental Accessories.
  4028 | D:5      | Reached skill level 6 in Polearms
  4028 | D:5      | Reached XP level 7. HP: 41/41 MP: 7/7
  4033 | D:5      | Noticed Ijyb
  4036 | D:5      | XOM: cleaving
  4046 | D:5      | Killed Ijyb
  4070 | D:5      | XOM: blink monster(s)
  4144 | D:5      | Noticed raetorn's ghost (novice MiGl)
  4151 | D:5      | XOM: confusion
  4155 | D:5      | XOM: divination: magic mapping
  4163 | D:5      | XOM: summons 3 hostile demons
  4164 | D:5      | Noticed a soul eater
  4223 | D:5      | XOM: mild Erth miscast
  4232 | D:5      | XOM: destruction
  4242 | D:5      | Reached skill level 7 in Polearms
  4254 | D:5      | Found a sand-covered staircase.
  4394 | Ossuary  | Entered an ossuary
  4639 | Ossuary  | XOM: cast spell 'Summon Ice Beast'
  4728 | Ossuary  | XOM: summons 7 friendly demons
  4763 | Ossuary  | Reached skill level 5 in Stealth
  4815 | Ossuary  | XOM: divination: detect creatures
  4818 | Ossuary  | XOM: enchant monster (good)
  4834 | Ossuary  | XOM: summons 5 friendly demons
  4836 | Ossuary  | Reached XP level 8. HP: 40/46 MP: 8/8
  4984 | D:5      | XOM: medium Fire miscast
  5213 | D:5      | Got a fine spear {pierce}
  5217 | D:5      | XOM: potion effect (curing)
  5238 | D:5      | Identified the +7 spear of Ashreok {pierce, MR+ Str+3} (You took it off an orc on level 5 of the Dungeon)
  5344 | D:5      | Killed raetorn's ghost
  5344 | D:5      | Reached skill level 8 in Polearms
  5673 | D:3      | Found a burning altar of Makhleb.
  5749 | D:4      | XOM: harmless Chrm miscast
  5773 | D:5      | XOM: god gift: scroll labeled APOCOI EMONG {god gift}
  5779 | D:6      | Found a blossoming altar of Fedhas.
  5816 | D:6      | Found a shimmering altar of Xom.
  5955 | D:6      | XOM: noise
  5983 | D:6      | XOM: god gift: 40 gold pieces
  5991 | D:6      | XOM: cast spell 'Summon Mana Viper'
  6050 | D:6      | XOM: god gift: 22 sling bullets
  6072 | D:6      | Found a staircase to the Ecumenical Temple.
  6081 | Temple   | Entered the Ecumenical Temple
  6274 | D:6      | Noticed Edmund
  6283 | D:6      | Killed Edmund
  6283 | D:6      | Reached skill level 9 in Polearms
  6283 | D:6      | Reached XP level 9. HP: 51/51 MP: 9/9
  6434 | D:6      | Found Deelatuxt's Jewellery Emporium.
  6442 | D:6      | Bought an uncursed ring of see invisible for 225 gold pieces
  6529 | D:6      | XOM: fog
  6574 | D:6      | Found Ciusaips's Food Emporium.
  6709 | D:6      | Found a deep blue altar of Sif Muna.
  6786 | D:7      | Identified the Compendium of Hurtful Air
  6804 | D:7      | Reached skill level 10 in Polearms
  6810 | D:7      | XOM: fog
  6896 | D:7      | Got a warped spear
  6898 | D:7      | Identified the +7 spear of Esuomirch {pierce, +Rage} (You found it on level 7 of the Dungeon)
  6966 | D:7      | Got a brightly glowing falchion
  7470 | D:7      | Noticed Prince Ribbit
  7476 | D:7      | XOM: cleaving
  7489 | D:7      | Killed Prince Ribbit
  7546 | D:7      | XOM: medium Necr miscast
  7619 | D:7      | Noticed a hornet
  7627 | D:7      | Killed a hornet
  7627 | D:7      | Reached skill level 11 in Polearms
  7757 | D:7      | XOM: harmless Pois miscast
  8035 | D:8      | Reached XP level 10. HP: 56/56 MP: 10/10
  8064 | D:8      | Noticed tschems's ghost (journeyman HuFi)
  8065 | D:8      | XOM: confuse monster(s)
  8077 | D:8      | XOM: mild Tmut miscast
  8096 | D:8      | Killed tschems's ghost
  8120 | D:8      | Reached skill level 12 in Polearms
  8121 | D:8      | XOM: harmless Air miscast
  8123 | D:8      | Reached skill level 5 in Fighting
  8207 | D:8      | XOM: swap monsters
  8239 | D:8      | Identified the +8 falchion of Starshine {slice, rF- Dex+2 SInv Stlth+} (You found it on level 7 of the Dungeon)
  8310 | D:8      | XOM: 5-stop teleportation journey
  8581 | D:8      | XOM: summons 5 hostile demons
  8582 | D:8      | Noticed an orange demon
  8619 | D:8      | XOM: divination: detect items
  8821 | D:9      | Noticed a cyclops
  8823 | D:9      | XOM: divination: detect items
  8829 | D:9      | XOM: cleaving
  8836 | D:9      | Killed a cyclops
  8840 | D:9      | Found a shattered altar of Ashenzari.
  8947 | D:9      | XOM: summons 4 friendly demons
  9228 | D:9      | Reached skill level 5 in Armour
  9294 | D:9      | XOM: cast spell 'Leda's Liquefaction'
  9295 | D:9      | XOM: summons 10 friendly demons
  9300 | D:9      | Reached XP level 11. HP: 64/68 MP: 11/11
  9536 | D:10     | Entered Level 10 of the Dungeon
  9537 | D:10     | Found a staircase to the Orcish Mines.
  9599 | D:10     | XOM: confuse monster(s)
  9734 | D:10     | XOM: polymorph orc -> frilled lizard
  9967 | D:10     | XOM: cloud trail
 10107 | D:10     | XOM: cleaving
 10119 | D:10     | XOM: confuse monster(s)
 10140 | D:10     | Noticed Josephine
 10180 | D:10     | Killed Josephine
 10183 | D:10     | XOM: enchant monster (good)
 10200 | D:10     | Noticed Maurice
 10220 | D:10     | Noticed Maurice
 10220 | D:10     | Maurice changed into Maurice the iguana
 10226 | D:10     | Killed Maurice the iguana
 10312 | D:10     | XOM: scenery: create altars
 10335 | D:11     | XOM: noise
 10352 | D:11     | Noticed a two-headed ogre
 10470 | D:11     | XOM: destruction
 10478 | D:11     | Noticed a white ugly thing
 10484 | D:11     | XOM: destruction
 10489 | D:11     | Killed a white ugly thing
 10614 | D:11     | Noticed a white ugly thing
 10614 | D:11     | Noticed Urug
 10639 | D:11     | XOM: summons friendly ufetubus
 10641 | D:11     | Killed a white ugly thing
 10641 | D:11     | XOM: cast spell 'Summon Horrible Things'
 10659 | D:11     | Killed Urug
 10889 | D:10     | XOM: give mutation
 10889 | D:10     | Gained mutation: You are partially covered in molten scales. (AC +2) [Xom's grace]
 10908 | D:11     | Killed a two-headed ogre
 10946 | D:11     | XOM: cast spell 'Olgreb's Toxic Radiance'
 10953 | D:11     | Reached skill level 10 in Fighting
 11046 | D:11     | Noticed Psyche
 11060 | D:11     | XOM: cast spell 'Summon Dragon'
 11064 | D:11     | Reached skill level 1 in Long Blades
 11069 | D:11     | Killed Psyche
 11081 | D:11     | Found a staircase to the Lair.
 11177 | D:11     | XOM: god gift: runed crystal plate armour {god gift}
 11213 | D:11     | XOM: give mutation
 11213 | D:11     | Gained mutation: You are agile. (Dex +2) [Xom's grace]
 11215 | D:11     | XOM: summons 5 hostile demons
 11370 | D:12     | Noticed a white ugly thing
 11394 | D:12     | Killed a white ugly thing
 11530 | D:12     | XOM: harmless Pois miscast
 11579 | D:12     | Found a shimmering altar of Xom.
 11579 | D:12     | Noticed a tengu warrior
 11580 | D:12     | Noticed a four-headed hydra
 11597 | D:12     | You fall through a shaft for 2 floors!
 11639 | D:14     | Noticed an enchanted long sword
 11739 | D:13     | Learned a level 2 spell: Shroud of Golubria
 11743 | D:13     | Learned a level 3 spell: Regeneration
 11747 | D:13     | Learned a level 3 spell: Spectral Weapon
 11792 | D:13     | Reached XP level 12. HP: 77/77 MP: 12/12
 11795 | D:13     | Reached skill level 1 in Charms
 11796 | D:13     | Noticed a two-headed ogre
 11803 | D:13     | Killed a two-headed ogre
 11863 | D:13     | Learned a level 2 spell: Song of Slaying
 11867 | D:13     | Learned a level 1 spell: Infusion
 11903 | D:13     | XOM: harmless Necr miscast
 12060 | D:13     | XOM: confuse monster(s)
 12065 | D:13     | XOM: destruction
 12137 | D:12     | XOM: fog
 12148 | D:12     | Reached skill level 1 in Hexes
 12208 | D:12     | XOM: divination: detect items
 12542 | D:6      | Bought an uncursed ring of protection from fire for 375 gold pieces
 12733 | Lair:1   | Entered Level 1 of the Lair of Beasts
 12855 | Lair:1   | XOM: summons friendly shadow imp
 12860 | Lair:1   | Reached skill level 1 in Necromancy
 13040 | Lair:1   | Reached skill level 1 in Spellcasting
 13165 | Lair:1   | Noticed a five-headed hydra
 13170 | Lair:1   | XOM: confuse monster(s)
 13173 | Lair:1   | XOM: cleaving
 13185 | Lair:1   | Killed a five-headed hydra
 13185 | Lair:1   | Reached skill level 5 in Charms
 13224 | Lair:1   | XOM: fog
 13281 | Lair:1   | XOM: destruction
 13396 | Lair:1   | Noticed a seven-headed hydra
 13406 | Lair:1   | Killed a seven-headed hydra
 13442 | Lair:1   | XOM: divination: detect items
 13463 | Lair:1   | Noticed Grum
 13477 | Lair:1   | XOM: cast spell 'Chain of Chaos'
 13487 | Lair:1   | Killed Grum
 13492 | Lair:1   | XOM: confuse monster(s)
 13562 | Lair:1   | XOM: cloud trail
 13578 | Lair:1   | XOM: give mutation
 13578 | Lair:1   | Gained mutation: You possess an exceptional clarity of mind. [Xom's grace]
 13593 | Lair:2   | Noticed a five-headed hydra
 13596 | Lair:2   | XOM: summons friendly iron imp
 13598 | Lair:2   | XOM: summons 2 friendly demons
 13599 | Lair:2   | XOM: enchant monster (good)
 13601 | Lair:2   | Killed a five-headed hydra
 13661 | Lair:2   | XOM: scenery: create altars
 13961 | Lair:2   | Found a staircase to the Snake Pit.
 14049 | Lair:2   | XOM: summons friendly shadow imp
 14054 | Lair:2   | Reached XP level 13. HP: 82/82 MP: 14/14
 14080 | Lair:2   | XOM: polymorph shadow imp -> crimson imp
 14224 | Lair:2   | Got a warped robe
 14235 | Lair:2   | Identified the +2 robe of Leobuimi {rElec rC+ Str+4 Int+2} (You found it on level 2 of the Lair of Beasts)
 14255 | Lair:2   | XOM: summons 3 hostile shadow creatures
 14258 | Lair:2   | XOM: polymorph basilisk -> spiny frog
 14268 | Lair:2   | XOM: harmless Conj miscast
 14270 | Lair:2   | Reached skill level 13 in Polearms
 14555 | Lair:2   | XOM: divination: detect items
 14556 | Lair:2   | XOM: enchant monster (bad)
 14557 | Lair:2   | XOM: harmless Hex miscast
 14621 | Lair:2   | XOM: give mutations
 14621 | Lair:2   | Lost mutation: You possess an exceptional clarity of mind. [Xom's mischief]
 14621 | Lair:2   | Gained mutation: Your large and strong wings let you fly indefinitely. [Xom's mischief]
 14621 | Lair:2   | Gained mutation: Your flesh is heat resistant. (rF+) [Xom's mischief]
 14621 | Lair:2   | Lost mutation: You are agile. (Dex +2) [Xom's mischief]
 14682 | Lair:3   | XOM: blink monster(s)
 14685 | Lair:3   | XOM: god gift: shimmering trident {god gift}
 14693 | Lair:3   | XOM: cleaving
 14716 | Lair:3   | Got a shimmering trident {god gift}
 14721 | Lair:3   | Identified the +5 trident of Teqagud {chaos, rPois rF+ rC+ Dex-2} (Xom gifted it to you on level 3 of the Lair of Beasts)
 14735 | Lair:3   | XOM: scenery: create altars
 14768 | Lair:3   | XOM: scenery: create altars
 15071 | Lair:3   | Noticed an entropy weaver
 15071 | Lair:3   | a death yak changed into an entropy weaver
 15071 | Lair:3   | XOM: polymorph death yak -> entropy weaver
 15084 | Lair:3   | Killed an entropy weaver
 15084 | Lair:3   | Reached skill level 14 in Polearms
 15087 | Lair:3   | XOM: fake destruction
 15091 | Lair:3   | XOM: summons 2 friendly demons
 15219 | Lair:3   | Got an ichor-stained quarterstaff
 15220 | Lair:3   | Identified the +2 quarterstaff of Lusuyrom {venom, Int+2} (You found it on level 3 of the Lair of Beasts)
 15550 | Lair:3   | XOM: polymorph death yak -> death yak
 15556 | Lair:3   | Reached skill level 10 in Armour
 15560 | Lair:3   | XOM: cleaving
 15573 | Lair:3   | XOM: smoke on damage
 15578 | Lair:3   | XOM: enchant monster (bad)
 15580 | Lair:3   | XOM: summons friendly crimson imp
 15587 | Lair:3   | XOM: polymorph crimson imp -> white imp
 15610 | Lair:3   | Found a staircase to the Shoals.
 15782 | Lair:4   | XOM: polymorph spiny frog -> basilisk
 15995 | Lair:4   | XOM: god gift: 2 potions of degeneration
 16051 | Lair:4   | XOM: medium Summ miscast
 16158 | Lair:4   | Noticed Nessos
 16158 | Lair:4   | XOM: enchant monster (good)
 16174 | Lair:4   | XOM: silly message
 16175 | Lair:4   | XOM: divination: magic mapping
 16193 | Lair:4   | Killed Nessos
 16221 | Lair:4   | XOM: cast spell 'Cause Fear'
 16227 | Lair:4   | XOM: enchant monster (good)
 16362 | Lair:4   | Got a translucent bardiche
 16370 | Lair:4   | Identified the +6 bardiche of Frustration {freeze, MR+ Int+2} (You found it on level 4 of the Lair of Beasts)
 16375 | Lair:4   | XOM: cloud trail
 16713 | Lair:5   | XOM: summons friendly white imp
 16831 | Lair:5   | XOM: cloud trail
 16983 | Lair:5   | XOM: divination: detect creatures
 17389 | Lair:6   | Entered Level 6 of the Lair of Beasts
 17396 | Lair:6   | Mutation became permanent: Your large and strong wings let you fly indefinitely. [Gargoyle growth]
 17396 | Lair:6   | Gained mutation: Your large and strong wings let you fly indefinitely. [Gargoyle growth]
 17396 | Lair:6   | Reached XP level 14. HP: 81/88 MP: 16/16
 17403 | Lair:6   | XOM: cleaving
 17436 | Lair:6   | Found a frozen archway.
 17441 | Lair:6   | XOM: summons friendly white imp
 17452 | IceCv    | Entered an ice cave
 17572 | IceCv    | Reached skill level 15 in Polearms
 17762 | IceCv    | XOM: enchant monster (good)
 17876 | IceCv    | Found an ancient bone altar of Kikubaaqudgha.
 17901 | IceCv    | XOM: blink monster(s)
 18325 | Lair:6   | XOM: summons friendly shadow imp
 18501 | Lair:6   | XOM: noise
 18518 | Lair:6   | XOM: enchant monster (good)
 18522 | Lair:6   | XOM: destruction
 18526 | Lair:6   | Noticed loom's ghost (journeyman NaVM)
 18561 | Lair:6   | XOM: fake destruction
 18581 | Lair:6   | XOM: summons friendly white imp
 18586 | Lair:6   | XOM: scenery: create altars
 18596 | Lair:6   | Killed loom's ghost
 18607 | Lair:6   | Reached skill level 5 in Evocations
 18620 | Lair:6   | XOM: fog
 18624 | Lair:6   | XOM: enchant monster (good)
 18645 | Lair:6   | XOM: cleaving
 18664 | Lair:6   | Found a staircase to the Slime Pits.
 18664 | Lair:6   | Found a viscous altar of Jiyva.
 18671 | Lair:6   | Reached skill level 5 in Spellcasting
 18691 | Lair:6   | XOM: divination: detect items
 18694 | Lair:6   | XOM: silly message
 18701 | Lair:6   | XOM: enchant monster (good)
 18804 | Lair:6   | XOM: cast spell 'Death Channel'
 18968 | Lair:6   | XOM: divination: detect items
 19016 | Lair:6   | Got a dazzling halberd
 19017 | Lair:6   | Identified the +6 halberd of the Six Continents {chop, rPois rF- Int+5} (You found it on level 6 of the Lair of Beasts)
 19102 | Lair:6   | Identified the Grimoire of Mutagenic Summoning
 19173 | Lair:6   | XOM: mild Tloc miscast
 19297 | Lair:6   | XOM: destruction
 19328 | Lair:6   | XOM: give mutation
 19328 | Lair:6   | Gained mutation: You tend to lose your temper in combat. [Xom's mischief]
 19447 | Lair:6   | XOM: potion effect (haste)
 19613 | Lair:1   | XOM: summons 4 hostile shadow creatures
 19734 | D:12     | Reached XP level 15. HP: 89/94 MP: 22/22
 19829 | D:12     | XOM: god gift: wand of confusion (?/48) {god gift}
 19919 | D:12     | Reached skill level 16 in Polearms
 19956 | D:12     | XOM: cloud trail
 20018 | D:12     | Got a smoking mace
 20029 | D:12     | Identified the +4 mace "Zitif" {drain, rPois rC+ Stlth-} (You found it on level 12 of the Dungeon)
 20171 | D:12     | Got a scorched leather armour
 20187 | D:12     | Identified the +3 leather armour of Fallacy {rElec} (You found it on level 12 of the Dungeon)
 20346 | D:12     | XOM: scenery: create altars
 20385 | D:12     | XOM: scenery: 1 doors close
 20729 | D:13     | XOM: god gift: 13 stones
 20933 | D:13     | XOM: fake destruction
 21305 | D:14     | XOM: polymorph orc -> giant cockroach
 21505 | D:14     | Found a gate to the Vaults.
 21517 | D:14     | XOM: cast spell 'Summon Small Mammal'
 21612 | D:14     | XOM: scenery: create altars
 21766 | D:15     | Entered Level 15 of the Dungeon
 21934 | D:15     | XOM: enchant monster (good)
 21964 | D:15     | XOM: confuse monster(s)
 21992 | D:15     | XOM: blink monster(s)
 22041 | D:15     | XOM: divination: detect items
 22051 | D:15     | Reached skill level 17 in Polearms
 22097 | D:15     | XOM: cast spell 'Olgreb's Toxic Radiance'
 22129 | D:15     | XOM: silly message
 22176 | D:15     | XOM: medium Pois miscast
 22392 | D:15     | XOM: polymorph white ugly thing -> spark wasp
 22399 | D:15     | XOM: divination: detect items
 22458 | D:15     | XOM: harmless Conj miscast
 22475 | D:15     | XOM: harmless Erth miscast
 22584 | D:15     | XOM is BORED!
 22584 | D:15     | XOM: medium Summ miscast
 22696 | D:15     | XOM: medium Tloc miscast
 22928 | D:15     | Found a staircase to the Depths.
 23134 | D:14     | XOM: mild Erth miscast
 23283 | Snake:1  | Entered Level 1 of the Snake Pit
 23333 | Snake:1  | XOM: blink monster(s)
 23337 | Snake:1  | XOM: divine lightning
 23380 | Snake:1  | XOM: 1-stop teleportation journey
 23482 | Snake:1  | XOM: harmless Erth miscast
 23490 | Snake:1  | XOM: blink monster(s)
 23646 | Snake:1  | Found Onkugitere's Book Boutique.
 23650 | Snake:1  | XOM: harmless Conj miscast
 23663 | Snake:1  | XOM: noise
 23666 | Snake:1  | Bought a book of Minor Magic for 320 gold pieces
 23672 | Snake:1  | Learned a level 2 spell: Blink
 23676 | Snake:1  | Learned a level 3 spell: Conjure Flame
 23679 | Snake:1  | XOM: noise
 23694 | Snake:1  | Found Dunysh's Weapon Shop.
 23704 | Snake:1  | Reached skill level 1 in Translocations
 23704 | Snake:1  | Reached XP level 16. HP: 100/100 MP: 25/25
 23792 | Snake:1  | XOM: polymorph naga -> blink frog
 23870 | Snake:1  | XOM: harmless Air miscast
 24028 | Snake:1  | XOM: torment (78/100 hp)
 24158 | D:11     | XOM: enchant monster (bad)
 24172 | D:11     | Reached skill level 1 in Conjurations
 24176 | D:11     | Reached skill level 1 in Fire Magic
 24225 | Orc:1    | Entered Level 1 of the Orcish Mines
 24714 | Orc:2    | Entered Level 2 of the Orcish Mines
 24774 | Orc:2    | Found Yjoodad's Antique Armour Boutique.
 24859 | Orc:2    | Found a roughly hewn altar of Beogh.
 24961 | Orc:2    | Found Asiapsa's Book Emporium.
 24961 | Orc:2    | XOM: harmless Erth miscast
 24974 | Orc:2    | Reached skill level 5 in Conjurations
 25000 | Orc:2    | Noticed Sonja
 25017 | Orc:2    | Killed Sonja
 25160 | Orc:2    | XOM: enchant monster (bad)
 25176 | Orc:2    | XOM: 1-stop teleportation journey
 25355 | Orc:2    | Found a staircase to the Elven Halls.
 25400 | Orc:2    | XOM: butterfly on damage
 25460 | Orc:2    | Found Alecydwe's General Store.
 25611 | Orc:2    | Found Polir's Antique Weapon Emporium.
 25823 | Orc:2    | Bought a pair of embroidered gloves for 172 gold pieces
 25846 | Orc:2    | Bought a translucent ring mail for 207 gold pieces
 25861 | Orc:2    | Identified the +1 ring mail "Feciar Tywn" {rElec} (You bought it in a shop on level 2 of the Orcish Mines)
 25875 | Orc:2    | XOM: noise
 25908 | Orc:2    | XOM: harmless Hex miscast
 26091 | Snake:2  | Noticed Frances
 26092 | Snake:2  | XOM: cleaving
 26298 | Snake:2  | Noticed Asterion
 26399 | Snake:2  | XOM: mild Necr miscast
 26442 | Snake:2  | XOM: potion effect (haste)
 26574 | Snake:2  | XOM: harmless Ice miscast
 26582 | Snake:2  | Reached skill level 18 in Polearms
 26585 | Snake:2  | Noticed Vashnia
 26745 | Snake:3  | Noticed Aizul
 26750 | Snake:3  | XOM: enchant monster (good)
 26751 | Snake:3  | XOM: summons 3 friendly demons
 26754 | Snake:3  | Killed Aizul
 26789 | Snake:3  | XOM: enchant monster (good)
 26885 | Snake:3  | XOM: 2-stop teleportation journey
 27459 | Snake:3  | XOM: scenery: create altars
 27564 | Snake:3  | XOM: give mutations
 27564 | Snake:3  | Gained mutation: You evolve. [Xom's grace]
 27564 | Snake:3  | Lost mutation: You tend to lose your temper in combat. [Xom's grace]
 27697 | Snake:2  | XOM: confuse monster(s)
 27701 | Snake:2  | Killed Frances
 27723 | Snake:2  | XOM: cleaving
 27729 | Snake:2  | XOM: potion effect (brilliance)
 27847 | Shoals:1 | Entered Level 1 of the Shoals
 27891 | Shoals:1 | XOM is BORED!
 27891 | Shoals:1 | XOM: 8-stop teleportation journey
 28063 | Shoals:1 | XOM: cast spell 'Metabolic Englaciation'
 28068 | Shoals:1 | XOM: confusion (+ monsters)
 28189 | Shoals:1 | XOM: god gift: meat ration
 28229 | Shoals:1 | Reached XP level 17. HP: 88/104 MP: 24/26
 28363 | Shoals:1 | XOM: 2-stop teleportation journey
 28441 | Shoals:2 | XOM: summons 5 friendly demons
 28623 | Shoals:2 | XOM: summons 8 friendly demons
 28631 | Shoals:2 | XOM: 2-stop teleportation journey
 28729 | Shoals:2 | XOM: destruction
 28738 | Shoals:2 | XOM: god gift: paperback book {god gift}
 29133 | Shoals:3 | Noticed Begomoth's ghost (adept GrEE)
 29146 | Shoals:3 | XOM: confuse monster(s)
 29152 | Shoals:3 | XOM: summons 2 friendly demons
 29154 | Shoals:3 | XOM: divination: detect items
 29159 | Shoals:3 | XOM: potion effect (curing)
 29262 | Shoals:3 | Noticed Timson's ghost (adept MiBe)
 29273 | Shoals:3 | Noticed Nikola
 29274 | Shoals:3 | XOM: summons friendly crimson imp
 29290 | Shoals:3 | XOM: summons 11 friendly demons
 29292 | Shoals:3 | XOM: cast spell 'Necromutation'
 29299 | Shoals:3 | Noticed Kirke
 29300 | Shoals:3 | Killed Timson's ghost
 29305 | Shoals:2 | XOM: confuse monster(s)
 29307 | Shoals:2 | XOM: blink monster(s)
 29313 | Shoals:2 | Killed Nikola
 29317 | Shoals:2 | Got a pair of warped gloves
 29329 | Shoals:2 | Identified the cursed +0 pair of gloves of Plasticity {*Drain Int+5} (You took it off Nikola on level 2 of the Shoals)
 29384 | Shoals:3 | XOM: medium Summ miscast
 29386 | Shoals:3 | XOM: summons friendly iron imp
 29536 | Shoals:3 | XOM: summons 9 friendly demons
 29671 | Shoals:3 | XOM: cast spell 'Death Channel'
 29838 | Shoals:3 | XOM: chaos upgrade
 29863 | Shoals:3 | XOM: destruction
 29870 | Shoals:2 | Killed Kirke
 29870 | Shoals:2 | Reached skill level 19 in Polearms
 29985 | Shoals:3 | Killed Begomoth's ghost
 29998 | Shoals:3 | XOM: noise
 30011 | Shoals:3 | XOM: divination: detect creatures
 30021 | Shoals:3 | Noticed a kraken
 30027 | Shoals:3 | HP: 2/109 [tentacle[a kraken] (16)]
 30029 | Shoals:3 | XOM: cast spell 'Summon Mana Viper'
 30119 | Shoals:2 | XOM: scenery: create altars
 30216 | Shoals:3 | XOM: god gift: ivory wand {god gift}
 30393 | Shoals:3 | Reached skill level 1 in Dodging
 30500 | Shoals:4 | Entered Level 4 of the Shoals
 30506 | Shoals:4 | XOM: cast spell 'Discord'
 30687 | Shoals:4 | XOM: summons friendly shadow imp
 30808 | Shoals:4 | Noticed Ilsuiw
 30843 | Shoals:4 | XOM: cleaving
 30852 | Shoals:4 | Noticed a kraken
 30853 | Shoals:4 | XOM: enchant monster (good)
 30953 | Shoals:4 | XOM: scenery: create altars
 31015 | Shoals:4 | Reached skill level 5 in Dodging
 31039 | Shoals:4 | XOM: 3-stop teleportation journey
 31055 | Shoals:4 | Reached XP level 18. HP: 110/115 MP: 22/28
 31112 | Shoals:4 | XOM: fake destruction
 31114 | Shoals:4 | XOM: enchant monster (good)
 31162 | Shoals:4 | Got a barnacled rune of Zot
 31187 | Shoals:4 | XOM: god gift: thin jewelled staff {god gift}
 31238 | Shoals:4 | XOM: summons 8 friendly demons
 31290 | Shoals:4 | XOM: god gift: scale mail {god gift}
 31510 | Shoals:4 | XOM: scenery: create altars
 31834 | Shoals:4 | XOM: swap monsters
 31834 | Shoals:4 | Killed Ilsuiw
 32236 | Vaults:1 | Entered Level 1 of the Vaults
 32412 | Vaults:1 | XOM: smoke on damage
 32570 | Vaults:1 | XOM: noise
 32618 | Vaults:1 | Noticed Donald
 32653 | Vaults:1 | Killed Donald
 32730 | Vaults:1 | Reached skill level 20 in Polearms
 32735 | Vaults:1 | Cast into level 2 of the Abyss (a wizard)
 32762 | Abyss:2  | Learned a level 1 spell: Summon Small Mammal
 32790 | Abyss:2  | XOM: cast spell 'Cause Fear'
 32814 | Abyss:2  | Gained mutation: You rapidly evolve. [evolution]
 32832 | Vaults:1 | Escaped the Abyss
 33002 | Vaults:1 | XOM: harmless Chrm miscast
 33352 | D:6      | Bought a +4 ring of evasion for 540 gold pieces
 33686 | Vaults:1 | Learned a level 2 spell: Passwall
 33699 | Vaults:1 | XOM: noise
 33768 | Vaults:1 | XOM: harmless Ice miscast
 33771 | Vaults:1 | XOM: summons friendly ufetubus
 33821 | Vaults:1 | XOM: summons friendly quasit
 33861 | Vaults:1 | XOM: confusion (+ monsters)
 34017 | Vaults:1 | XOM: potion effect (invisibility)
 34120 | Vaults:1 | Reached XP level 19. HP: 120/120 MP: 25/29
 34267 | Vaults:1 | Noticed a Hell Sentinel
 34269 | Vaults:1 | Reached skill level 21 in Polearms
 34274 | Vaults:1 | XOM: confusion (+ monsters)
 34326 | Vaults:1 | Noticed an Ice Fiend
 34484 | Vaults:1 | XOM: confusion (+ monsters)
 34516 | Vaults:1 | Got a pitted buckler
 34523 | Vaults:1 | Identified the +1 buckler "Pekecaem" {MR+ Dex-4 Slay+3} (You found it on level 1 of the Vaults)
 34681 | Vaults:1 | XOM: chaos upgrade
 35091 | Vaults:2 | XOM: confuse monster(s)
 35122 | Vaults:2 | XOM: blink monster(s)
 35126 | Vaults:2 | XOM: potion effect (invisibility)
 35217 | Vaults:2 | XOM: polymorph red ugly thing -> satyr
 35224 | Vaults:2 | XOM: cleaving
 35529 | Vaults:2 | XOM: scenery: 1 doors close
 35610 | Vaults:2 | XOM: mild Air miscast
 35648 | Vaults:2 | XOM: chaos upgrade
 35770 | Vaults:2 | XOM: 1-stop teleportation journey
 35771 | Vaults:2 | Noticed Jorgrun
 35773 | Vaults:2 | XOM: severe Ice miscast
 35784 | Vaults:2 | Killed Jorgrun
 35784 | Vaults:2 | Reached skill level 22 in Polearms
 35870 | Vaults:2 | XOM: smoke on damage
 35874 | Vaults:2 | XOM: 2-stop teleportation journey
 35917 | Vaults:2 | XOM: swap monsters
 35922 | Vaults:2 | XOM: 1-stop teleportation journey
 35930 | Vaults:2 | XOM: stat loss: -1 Int (19/20)
 35931 | Vaults:2 | XOM: summons 4 hostile shadow creatures
 35971 | Vaults:2 | XOM: enchant monster (good)
 36050 | Vaults:1 | XOM: give mutations
 36050 | Vaults:1 | Gained mutation: Your mind is acute. (Int +2) [Xom's grace]
 36050 | Vaults:1 | Gained mutation: You can translocate small distances at will. [Xom's grace]
 36140 | Vaults:2 | XOM: potion effect (curing)
 36200 | Vaults:2 | XOM: swap monsters
 36211 | Vaults:2 | XOM: fog
 36223 | Vaults:2 | XOM: mild Fire miscast
 36298 | Vaults:2 | XOM: scenery: 1 doors close
 36460 | Vaults:2 | Reached skill level 15 in Fighting
 36460 | Vaults:2 | Reached XP level 20. HP: 103/129 MP: 22/30
 36489 | Vaults:2 | XOM: enchant monster (bad)
 36616 | Vaults:2 | XOM: cleaving
 36726 | Vaults:3 | XOM: confusion (+ monsters)
 36896 | Vaults:3 | Found a staircase to the Crypt.
 36917 | Vaults:3 | XOM: polymorph slime creature -> fire dragon
 36926 | Vaults:3 | XOM: polymorph brown ugly thing -> five-headed hydra
 36988 | Vaults:3 | XOM: polymorph vault warden -> iron dragon
 37105 | Vaults:3 | XOM: medium Tmut miscast
 37110 | Vaults:3 | XOM: harmless Fire miscast
 37155 | Vaults:3 | XOM: polymorph ironbrand convoker -> tarantella
 37163 | Vaults:3 | XOM: potion effect (berserk rage)
 37177 | Vaults:3 | XOM: noise
 37372 | Vaults:3 | XOM: potion effect (might)
 37374 | Vaults:3 | XOM: cloud trail
 37631 | Vaults:3 | Reached skill level 23 in Polearms
 37658 | Vaults:3 | Gained mutation: You have a pair of small horns on your head. [evolution]
 37716 | Vaults:3 | Found an ancient bone altar of Kikubaaqudgha.
 37896 | Vaults:3 | XOM: divination: detect creatures
 37898 | Vaults:3 | Noticed a lich
 37907 | Vaults:3 | XOM: cast spell 'Ring of Flames'
 37914 | Vaults:3 | Paralysed by a lich for 6 turns
 37989 | Vaults:3 | XOM: divination: detect items
 38350 | Snake:2  | XOM: enchant monster (bad)
 38353 | Snake:2  | Killed Vashnia
 38375 | Snake:2  | Reached XP level 21. HP: 36/136 MP: 11/31
 38422 | Snake:2  | Learned a level 1 spell: Apportation
 38424 | Snake:2  | Learned a level 1 spell: Animate Skeleton
 38529 | Snake:2  | XOM: snakes to sticks
 38741 | Snake:2  | XOM: noise
 39098 | Snake:2  | XOM: confusion (+ monsters)
 39112 | Snake:2  | XOM: divination: magic mapping
 39129 | Snake:2  | Killed Asterion
 39131 | Snake:2  | Got a jewelled shield
 39143 | Snake:2  | Identified the +4 shield of Qaonyina {Dex+3} (You took it off Asterion on level 2 of the Snake Pit)
 39216 | Snake:4  | Entered Level 4 of the Snake Pit
 39614 | Snake:4  | XOM: swap monsters
 39616 | Snake:4  | XOM: divination: magic mapping
 39618 | Snake:4  | XOM: cast spell 'Discord'
 39633 | Snake:4  | XOM: 4-stop teleportation journey
 39707 | Snake:4  | XOM: polymorph naga ritualist -> komodo dragon
 39803 | Snake:4  | Found a radiant altar of Vehumet.
 39942 | Snake:4  | XOM: 1-stop teleportation journey
 39949 | Snake:4  | XOM: divination: detect items
 40078 | Snake:4  | XOM: divination: detect items
 40098 | Snake:4  | XOM: divine lightning
 40176 | Snake:4  | XOM: scenery: create altars
 40183 | Snake:4  | XOM: cast spell 'Metabolic Englaciation'
 40252 | Snake:4  | XOM: chaos upgrade
 40260 | Snake:4  | XOM: scenery: create altars
 40261 | Snake:4  | Reached skill level 24 in Polearms
 40319 | Snake:4  | XOM: enchant monster (good)
 40357 | Snake:4  | XOM: scenery: create altars
 40464 | Snake:4  | Got a serpentine rune of Zot
 40507 | Snake:4  | XOM: summons friendly white imp
 40572 | Snake:4  | XOM: polymorph white imp -> crimson imp
 40579 | Snake:4  | XOM: scenery: create altars
 40610 | Snake:4  | XOM: cast spell 'Cause Fear'
 40703 | Snake:4  | XOM: cloud trail
 40780 | Snake:4  | XOM: blink monster(s)
 40792 | Snake:4  | XOM: summons friendly iron imp
 41238 | D:15     | XOM: give mutation
 41238 | D:15     | Gained mutation: You occasionally shout uncontrollably at your foes. [Xom's mischief]
 41253 | D:15     | XOM: medium Hex miscast
 41273 | D:15     | XOM: harmless Erth miscast
 41287 | Depths:1 | XOM: stealth player
 41287 | Depths:1 | Entered Level 1 of the Depths
 41448 | Depths:1 | XOM: confusion
 41453 | Depths:1 | XOM: summons 2 friendly demons
 41466 | Depths:1 | Found a one-way gate leading to the halls of Pandemonium.
 41629 | Depths:1 | XOM: mild Chrm miscast
 41640 | Depths:1 | Reached XP level 22. HP: 111/142 MP: 16/32
 41645 | Depths:1 | XOM: confuse monster(s)
 41673 | Depths:1 | Reached skill level 15 in Armour
 41860 | Depths:1 | Found a portal to a secret trove of treasure.
 41981 | Depths:1 | Learned a level 3 spell: Confuse
 42026 | Depths:1 | XOM: noise
 42113 | Depths:1 | Found a gateway to Hell.
 42149 | Depths:1 | Found Beiroc's Assorted Antiques.
 42158 | Depths:1 | Bought a potion of curing for 57 gold pieces
 42174 | Depths:1 | XOM: noise
 42188 | Depths:1 | Found Zauxtum's Armour Shop.
 42188 | Depths:1 | Found Saaxidof's Food Boutique.
 42528 | Depths:2 | XOM: noise
 42531 | Depths:2 | XOM: potion effect (heal wounds)
 42534 | Depths:2 | XOM: medium Chrm miscast
 42545 | Depths:2 | XOM: mild Necr miscast
 42546 | Depths:2 | XOM: smoke on damage
 42721 | Depths:2 | XOM: confusion (+ monsters)
 42722 | Depths:2 | XOM: confusion (+ monsters)
 42740 | Depths:2 | Found a one-way gate to the infinite horrors of the Abyss.
 42760 | Depths:2 | XOM: cleaving
 42765 | Depths:2 | XOM: mild Tloc miscast
 42775 | Depths:2 | XOM: blink monster(s)
 42798 | Depths:2 | XOM: potion effect (magic)
 42855 | Depths:2 | Noticed a juggernaut
 42885 | Depths:2 | XOM: confusion (+ monsters)
 42903 | Depths:2 | Noticed a shard shrike
 42903 | Depths:2 | a juggernaut changed into a shard shrike
 42903 | Depths:2 | XOM: polymorph juggernaut -> shard shrike
 42907 | Depths:2 | a shard shrike changed into a titan
 42907 | Depths:2 | XOM: polymorph shard shrike -> titan
 42954 | Depths:2 | Got an ebony halberd {pain}
 42956 | Depths:2 | Identified the +9 halberd of Conservatism {pain, rElec Dex+3 SInv} (You took it off a tengu warrior on level 2 of the Depths)
 42980 | Depths:2 | Noticed a juggernaut
 43089 | Depths:2 | XOM: noise
 43108 | Depths:2 | XOM: divination: detect creatures
 43113 | Depths:2 | XOM: chaos cloud
 43114 | Depths:2 | Xom revived you
 43116 | Depths:2 | Hit by a large rock thrown by a stone giant

Skill      XL: |  1  2  3  4  5  6  7  8  9 10 11 12 13 14 15 16 17 18 19 20 21 22 |
---------------+-------------------------------------------------------------------+-----
Stealth        | 1 3 4 5 6 |  6.8
Polearms       | 3 5 6 7 9 11 12 14 15 17 18 19 20 22 23 24 | 24.2
Fighting       | 8 10 11 13 15 16 | 16.2
Armour         | 5 9 11 12 14 17 | 17.0
Long Blades    | 2 |  2.7
Charms         | 5 7 |  7.0
Hexes          | 3 |  3.2
Necromancy     | 3 |  3.7
Spellcasting   | 1 5 6 7 |  7.1
Evocations     | 3 5 |  5.0
Translocations | 1 2 |  2.5
Conjurations   | 5 |  5.2
Fire Magic     | 2 |  2.1
Dodging        | 5 |  5.6

Action                   |  1- 3 |  4- 6 |  7- 9 | 10-12 | 13-15 | 16-18 | 19-21 | 22-24 || total
-------------------------+-------+-------+-------+-------+-------+-------+-------+-------++-------
Melee: Spear             |   148 |   189 |   338 |   852 |    61 |       |       |       ||  1588
       Halberd           |     9 |    88 |    49 |       |   540 |  1123 |     9 |    20 ||  1838
       Hunting sling     |       |       |     1 |       |       |       |       |       ||     1
       Trident           |       |       |       |       |   766 |     5 |       |     6 ||   777
       Bardiche          |       |       |       |       |     7 |   171 |  1163 |   226 ||  1567
       Headbutt          |       |       |       |       |       |       |    62 |    48 ||   110
       Battleaxe         |       |       |       |       |       |       |       |     6 ||     6
 Fire: Hunting sling     |       |    65 |   108 |    30 |     2 |       |       |       ||   205
       Blowgun           |       |       |       |     3 |     2 |    12 |     3 |       ||    20
Throw: Stone             |    12 |     2 |       |       |       |       |       |       ||    14
       Javelin           |       |       |     1 |       |       |     3 |       |       ||     4
 Cast: Spectral Weapon   |       |       |       |     7 |    50 |   144 |    92 |    17 ||   310
       Shroud of Golubri |       |       |       |     4 |    16 |    45 |    23 |     3 ||    91
       Song of Slaying   |       |       |       |     1 |    10 |    12 |    15 |       ||    38
       Regeneration      |       |       |       |       |    33 |    74 |    35 |    14 ||   156
       Conjure Flame     |       |       |       |       |       |     9 |    23 |     4 ||    36
       Blink             |       |       |       |       |       |     1 |       |       ||     1
 Abil: Evoke Berserk Rag |       |       |       |     1 |       |       |       |       ||     1
       Fly               |       |       |       |       |     1 |     3 |       |     2 ||     6
       Stop Flying       |       |       |       |       |       |     3 |       |     2 ||     5
Evoke: Wand              |       |       |     1 |    26 |    40 |    27 |    11 |     5 ||   110
       Fan of gales      |       |       |       |       |     1 |       |       |       ||     1
       Lightning rod     |       |       |       |       |     4 |     4 |    16 |       ||    24
       Sack of spiders   |       |       |       |       |     1 |     2 |     7 |       ||    10
       Phial of floods   |       |       |       |       |       |       |     2 |     1 ||     3
  Use: Scroll            |     1 |     6 |     7 |    10 |    13 |    22 |     9 |     3 ||    71
       Potion            |       |     2 |     5 |     3 |     5 |    12 |     3 |     2 ||    32
 Stab: Sleeping          |     4 |     3 |     5 |    10 |    10 |     8 |    10 |       ||    50
       Distracted        |       |       |     4 |     4 |    11 |    24 |    16 |     3 ||    62
       Confused          |       |       |       |    12 |    18 |    10 |     4 |     2 ||    46
       Paralysed         |       |       |       |     2 |     7 |       |       |     1 ||    10
       Petrified         |       |       |       |       |     8 |       |       |       ||     8
       Petrifying        |       |       |       |       |     2 |       |     1 |       ||     3
       Invisible         |       |       |       |       |       |     2 |     5 |       ||     7
       Betrayed ally     |       |       |       |       |       |       |     1 |       ||     1
  Eat: Chunk             |     1 |     9 |     6 |    13 |    11 |    17 |    10 |     2 ||    69
       Bread ration      |       |       |     1 |     2 |     4 |       |     2 |     1 ||    10
       Fruit             |       |       |     4 |     1 |    14 |       |     8 |       ||    27
       Royal jelly       |       |       |       |     2 |     3 |     3 |     1 |       ||     9
       Meat ration       |       |       |       |       |       |     4 |       |       ||     4
Armor: Leather armour    |    58 |    90 |    98 |       |       |       |       |       ||   246
       Skin              |       |     2 |       |       |       |       |       |       ||     2
       Ring mail         |       |       |    35 |   124 |   360 |       |       |       ||   519
       Chain mail        |       |       |       |   105 |    29 |       |       |       ||   134
       Scale mail        |       |       |       |       |   193 |   690 |   516 |   153 ||  1552
Dodge: Dodged            |    69 |   111 |   106 |   143 |   345 |   440 |   568 |   185 ||  1967
